 Dungeon Crawl Stone Soup version 0.30-a0-953-g5f1da4a474 (webtiles) character file.

Game seed: 2488925735826262819

266 DeathPants the Chopper (level 6, -2/33 HPs)
             Began as a Vine Stalker Fighter on Mar 28, 2023.
             Slain by an ogre
             ... wielding a +0 giant spiked club
              (8 damage)
             ... on level 4 of the Dungeon.
             The game lasted 00:08:19 (2371 turns).

DeathPants the Chopper (Vine Stalker Fighter)       Turns: 2371, Time: 00:08:20

Health: -2/33      AC: 13    Str: 21    XL:     6   Next: 20%
Magic:  0/7        EV: 10    Int:  8    God:
Gold:   933        SH:  5    Dex: 13    Spells: 5/5 levels left

rFire   . . .      SeeInvis .    a - +0 war axe (flame)
rCold   . . .      Faith    .    c - +0 buckler
rNeg    . . .      Spirit   +    h - +0 swamp dragon scales
rPois   +          Reflect  .    (no helmet)
rElec   .          Rampage  .    (no cloak)
rCorr   .                        g - +0 pair of gloves
Will    .....                    k - +0 pair of boots
Stlth   +                        (no amulet)
HPRegen 1.05/turn                p - +4 ring of protection
MPRegen 0.10/turn                (no ring)

@: no status effects
A: fangs 2, regeneration 1, magic shield, antimagic bite, no potion heal 2
a: no special abilities


You were on level 4 of the Dungeon.
You visited 1 branch of the dungeon, and saw 5 of its levels.

You collected 933 gold pieces.

Inventory:

Hand Weapons
 a - a +0 war axe of flaming (weapon)
Missiles
 e - 5 boomerangs (quivered)
 l - 5 atropa-tipped darts
 q - 6 javelins
Armour
 c - a +0 buckler (worn)
 g - a +0 pair of gloves (worn)
 h - +0 swamp dragon scales (worn)
 k - a +0 pair of boots (worn)
Jewellery
 d - a ring of see invisible
 p - a +4 ring of protection (left hand)
 r - a ring of poison resistance
Scrolls
 j - a scroll of teleportation
Potions
 b - a potion of cancellation
 f - a potion of attraction
 i - a potion of degeneration {unknown}
 m - a potion of lignification
 n - 2 potions of resistance {unknown}
 o - 5 potions of curing


   Skills:
 + Level 3.8 Fighting
 * Level 4.2 Axes
 - Level 2.4 Armour
 + Level 3.8 Shields


You had 5 spell levels left.
You didn't know any spells.
Your spell library contained the following spells:

 Spells                   Type           Power      Damage    Failure   Level
 Freeze                   Ice            0%         1d3       67%         1
 Ensorcelled Hibernation  Hex/Ice        0%         N/A       80%         2
 Passwall                 Tmut/Erth      0%         N/A       80%         2
 Frozen Ramparts          Ice            0%         1d1       95%         3
 Hailstorm                Conj/Ice       0%         3d3       95%         3
 Swiftness                Air            0%         N/A       95%         3


Dungeon Overview and Level Annotations

Branches:
Dungeon (5/15)
 Temple: D:4-7

Altars:


Innate Abilities, Weirdness & Mutations

You have extremely sharp teeth.
Your natural rate of healing is unusually fast.
When hurt, damage is shared between your health and your magic reserves.
Your bite disrupts and absorbs the magic of your enemies.
Potions cannot restore your health.


Message History

You barely miss the goblin. You bite the goblin.
You kill the goblin!
Things that are here:
a +0 club; a goblin corpse
Found 5 stones.
You open the door.
There is an open door here.
n - 2 sedimented orange potions (gained 1)
You open the door.
There is an open door here.
o - 5 potions of curing (gained 1)
A quokka comes into view.
An ogre comes into view. It is wielding a +0 giant spiked club.
Found a short sword.
You hit the quokka. You burn the quokka. Your bite misses the quokka.
The quokka is severely wounded.
The quokka barely misses you.
You hit the quokka. You burn the quokka.
You kill the quokka!
You block the ogre's attack.
You hit the ogre but do no damage. Your bite misses the ogre.
You slash the ogre! You burn the ogre.
The ogre is heavily wounded.
The ogre closely misses you.
You slash the ogre! You burn the ogre. You bite the ogre, but do no damage.
The ogre is almost dead.
The ogre barely misses you.
You barely miss the ogre. You bite the ogre. You drain its power.
The ogre is almost dead.
The ogre hits you with a +0 giant spiked club!!
Ouch! That really hurt!
You barely miss the ogre. You bite the ogre. You drain its power.
You feel invigorated.
The ogre is almost dead.
The ogre hits you with a +0 giant spiked club!
* * * LOW HITPOINT WARNING * * *
You barely miss the ogre.
The ogre is almost dead.
The ogre hits you with a +0 giant spiked club!
You die...

###### #..... #....#
#..... #....# #....)
#....# #..... #....#
#..... #....# #.....
#....# #....O########
#....#
#.....@......####....#
######...............#
#...............#
#...............#
#...............#
#...............##
#.......##'#####..
#.......#......+..
#.......+......#..


You could see an ogre.

Vanquished Creatures
  A gnoll sergeant (D:3)
  5 gnolls
  5 adders
  A worm (D:3)
  7 dart slugs
  7 orcs
  6 ball pythons
  7 bats
  8 endoplasms
  3 giant cockroaches
  7 goblins
  5 hobgoblins
  7 jackals
  3 kobolds
  5 quokkas
  A frilled lizard (D:1)
  6 rats
84 creatures vanquished.

Notes
Turn   | Place    | Note
-------+----------+-------------------------------------------
     0 | D:1      | DeathPants the Vine Stalker Fighter began the quest for the
                  | Orb.
     0 | D:1      | Reached XP level 1. HP: 11/11 MP: 2/2
    37 | D:1      | Reached skill level 2 in Axes
    66 | D:1      | Reached XP level 2. HP: 14/16 MP: 1/3
   175 | D:2      | Reached XP level 3. HP: 17/20 MP: 4/4
   512 | D:2      | Identified the +3 sling of Qazlal's Delight {antimagic, rC+
                  | Str-4 Int+4}
   523 | D:3      | Noticed a gnoll sergeant
   557 | D:2      | Gained mutation: Your natural rate of healing is unusually
                  | fast. [Vine Stalker growth]
   557 | D:2      | Reached XP level 4. HP: 24/24 MP: 5/5
   573 | D:2      | Reached skill level 3 in Axes
  1148 | D:3      | Killed a gnoll sergeant
  1149 | D:3      | Reached XP level 5. HP: 21/28 MP: 3/6
  1174 | D:2      | Identified a scroll of acquirement
  1174 | D:2      | Acquired 780 gold pieces
  1198 | D:3      | Found a faded altar of an unknown god.
  1743 | D:3      | Reached skill level 4 in Axes
  1989 | D:5      | Entered Level 5 of the Dungeon
  2066 | D:4      | Reached XP level 6. HP: 33/33 MP: 7/7
  2371 | D:4      | Slain by an ogre

Illustrated notes

Levels and vault maps discovered:
D:1:      ebering_trefoil_twist, layout_basic, minmay_tromino_v4_b
D:2:      layout_basic
D:3:      layout_basic, chequers_ecumenical_altar_simple_redux
D:4:      layout_gridville, nrook_campfire
D:5:      layout_gridville

Skill      XL: |  1  2  3  4  5 |
---------------+----------------+-----
Axes           | 2 3 4 |  4.2
Fighting       | 3 |  3.8
Shields        | 3 |  3.8
Armour         | |  2.4

Action                     |  1- 3 |  4- 6 || total
---------------------------+-------+-------++-------
  Melee: War axe           |    57 |   107 ||   164
         Bite              |    11 |    28 ||    39
  Throw: Boomerang         |     1 |       ||     1
    Use: Potion            |       |     1 ||     1
         Scroll            |       |     9 ||     9
 Armour: Scale mail        |    33 |    33 ||    66
         Swamp dragon scal |       |    18 ||    18
  Dodge: Dodged            |    36 |    58 ||    94
  Block: Buckler           |    15 |    28 ||    43

Table legend: (Time is in decaauts)
 A = Elapsed time spent in this place.
 B = Non-inter-level travel time spent in this place.
 C = Inter-level travel time spent in this place.
 D = Time resting spent in this place.
 E = Time spent auto-exploring this place.
 F = Levels seen in this place.
 G = Mean time per level.
                   A        B        C        D        E       F      G
               +--------+--------+--------+--------+--------+-----+--------+
         Total |   2436 |   2422 |     14 |      2 |   1618 |   5 |  487.2 |
       Dungeon |   2436 |   2422 |     14 |      2 |   1618 |   5 |  487.2 |
               +--------+--------+--------+--------+--------+-----+--------+

Top non-repeatable levels by time:
     D:3: 728 daAuts
     D:2: 673 daAuts
     D:4: 507 daAuts
     D:1: 500 daAuts
     D:5: 27 daAuts
